 Dungeon Crawl Stone Soup version 0.20.0-15-g7f486f2 (webtiles) character file.

74 Naow the Firebug (level 4, -6/27 HPs)
             Began as an Octopode Fire Elementalist on June 16, 2017.
             Mangled by Ijyb
             ... wielding a +6 club
              (9 damage)
             ... on level 3 of the Dungeon.
             The game lasted 00:02:06 (2353 turns).

Naow the Firebug (Octopode Fire Elementalist)       Turns: 2353, Time: 00:02:07

Health: -6/27      AC:  1    Str:  7    XL:     4   Next: 30%
Magic:  4/8        EV: 13    Int: 18    God:
Gold:   80         SH:  0    Dex: 12    Spells: 7/8 levels left

rFire    . . .     SeeInvis .   m - +1 dagger (venom)
rCold    . . .     Gourm    .   (no shield)
rNeg     . . .     Faith    .   (helmet restricted)
rPois    .         Spirit   .   (no amulet)
rElec    .         Reflect  .   (no ring)
rCorr    .         Harm     .   (no ring)
MR       .....                  (no ring)
Stlth    +++.......             (no ring)
Regen    0.1/turn               (no ring)
MPRegen  0.2/turn               (no ring)
                                (no ring)
                                (no ring)

@: no status effects
A: almost no armour, stealthy swim, amphibious, 8 rings, constrict 8, camouflage
1, gelatinous body 1
a: no special abilities


You were on level 3 of the Dungeon.
You were not hungry.

You visited 1 branch of the dungeon, and saw 3 of its levels.

You collected 80 gold pieces.

Inventory:

Hand Weapons
 m - a +1 dagger of venom (weapon)
Jewellery
 q - an uncursed ring of protection from cold {unknown}
Scrolls
 c - 4 scrolls of teleportation {unknown}
 e - 2 scrolls of recharging {unknown}
 i - a scroll of amnesia {unknown}
 j - 3 scrolls of identify {unknown}
 n - a scroll of magic mapping {unknown}
 o - a scroll of enchant weapon {unknown}
Potions
 f - a potion of agility {unknown}
 g - a potion of mutation {unknown}
 h - a potion of heal wounds {unknown}
 k - a potion of cancellation {unknown}
 p - a potion of curing {unknown}
Books
 a - a book of Flames

   Spells                             Type                      Level
   a - Flame Tongue                   Conjuration/Fire             1
   b - Throw Flame                    Conjuration/Fire             2
   c - Conjure Flame                  Conjuration/Fire             3
   d - Inner Flame                    Hexes/Fire                   3
   e - Sticky Flame                   Conjuration/Fire             4
   f - Fireball                       Conjuration/Fire             5
Comestibles
 b - 2 bread rations
 d - 7 chunks of flesh
 l - 7 fruits


   Skills:
 - Level 2.0 Dodging
 - Level 2.6 Stealth
 + Level 2.9 Spellcasting
 + Level 2.5 Conjurations
 + Level 3.6 Fire Magic


You had 7 spell levels left.
You knew the following spells:

 Your Spells              Type           Power        Failure   Level  Hunger
a - Flame Tongue          Conj/Fire      ##...        4%          1    None


Dungeon Overview and Level Annotations

Branches:
Dungeon (3/15)

Altars:

Annotations:
D:3 Ijyb


Innate Abilities, Weirdness & Mutations

You cannot wear most types of armour.
You are very stealthy in the water. (Stealth+)
You are amphibious.
You can wear up to eight rings at the same time.
You can use your tentacles to constrict eight enemies at once.
Your skin changes colour to match your surroundings (Stealth+).
Your rubbery body absorbs attacks. (AC +1, EV +1)


Message History

Press: ? - help, Shift-Dir - straight line, f/p - Ijyb
Aim: Ijyb, wielding an enchanted club, wearing a chain mail and carrying a wand of lightning (?/15) {zapped: 2} (heavily wounded, constricted by you)
The flame tongue hits Ijyb.
Ijyb is severely wounded.
You constrict Ijyb. Ijyb hits you but does no damage. The rat bites you.
You hit Ijyb.
Ijyb is almost dead.
You constrict Ijyb. The rat bites you. Ijyb hits you with an enchanted club!
* * * LOW HITPOINT WARNING * * *
Casting: Flame Tongue
Confirm with . or Enter, or press ? or * to list all spells.
Aiming: Flame Tongue
Press: ? - help, Shift-Dir - straight line, f/p - Ijyb
Aim: Ijyb, wielding an enchanted club, wearing a chain mail and carrying a wand of lightning (?/15) {zapped: 2} (almost dead, constricted by you)
The flame tongue hits Ijyb.
Ijyb is almost dead.
You constrict Ijyb, but do no damage. The rat bites you.
* * * LOW HITPOINT WARNING * * *
Ijyb hits you with an enchanted club!
You die...

####.#.########.##.....#..#
####.#.# ##+###.......# )......#
##...########.### ####.###
##.....## #...# #..## ##....?..##
##[#.#
####..รท####.........####....#####
#.........+.........+.....[......
#.##....###.....gr..####....#####
# #..#.# #....@..# ##...# #.##.#
##.....## #...# #.##.# ##...##
#...# # #.##.# ##'## ##.##
#.##.##.# #.# #.# #.......#
#.###### #.#
####<##########.##...# #.#
#..................# #.#
##.########........# #.#


You could see Ijyb and a rat.

Vanquished Creatures
  2 oozes (D:1)
  2 worms (D:2)
  3 dart slugs
  3 leopard geckos (D:1)
  An orc (D:3)
  4 bats
  5 giant cockroaches
  4 goblins
  4 hobgoblins
  4 jackals (D:1)
  A ball python (D:1)
  5 frilled lizards
  3 kobolds
  9 rats
50 creatures vanquished.

Notes
Turn   | Place    | Note
-------+----------+-------------------------------------------
     0 | D:1      | Naow the Octopode Fire Elementalist began the quest for the Orb.
     0 | D:1      | Reached XP level 1. HP: 11/11 MP: 3/3
   156 | D:1      | Reached XP level 2. HP: 11/17 MP: 1/5
   861 | D:1      | Reached XP level 3. HP: 14/21 MP: 0/6
  1551 | D:2      | Reached XP level 4. HP: 25/27 MP: 0/8
  2341 | D:3      | Noticed Ijyb
  2353 | D:3      | Mangled by Ijyb

Skill      XL: |  1  2 |
---------------+-------+-----
Conjurations   | 2 |  2.5
Dodging        | |  2.0
Stealth        | |  2.6
Spellcasting   | |  2.9
Fire Magic     | |  3.6

Action                   |  1- 3 |  4- 6 || total
-------------------------+-------+-------++-------
Melee: Unarmed           |    24 |       ||    24
       Constrict         |     8 |     4 ||    12
       Tentacles         |     6 |     1 ||     7
       Dagger            |     3 |     7 ||    10
 Cast: Flame Tongue      |    59 |    29 ||    88
  Eat: Chunk             |     2 |     3 ||     5
Armor: Skin              |     3 |     1 ||     4
Dodge: Dodged            |    39 |    10 ||    49
